 Dungeon Crawl Stone Soup version 0.31-a0-1074-g0b22e4e0f1 (webtiles) character file.

Game seed: 10566149279176034620

109 Curundu the Trooper (level 4, 0/40 HPs)
             Began as a Draconian Berserker on Dec 6, 2023.
             Was a Believer of Trog.
             Slain by Edmund
             ... wielding a +5 dire flail of holy wrath
              (10 damage)
             ... on level 4 of the Dungeon.
             The game lasted 00:15:18 (2821 turns).

Curundu the Trooper (Draconian Berserker)           Turns: 2821, Time: 00:15:18

Health: 0/40       AC:  5    Str: 20    XL:     4   Next: 59%
Magic:  4/4        EV: 12    Int:  7    God:    Trog [**....]
Gold:   123        SH:  0    Dex: 12    Spells: 3/3 levels left

rFire   . . .        g - +2 whip (drain)
rCold   . . .        (no shield)
rNeg    . . .        (body armour unavailable)
rPois   .            (helmet restricted)
rElec   .            (no cloak)
rCorr   .            (no gloves)
SInv    .            (no boots)
Will    .....        (no amulet)
Stlth   +            (no ring)
HPRegen 0.26/turn    (no ring)
MPRegen 0.09/turn

%: no passive effects
@: brilliant
A: AC +5, unfitting armour, cold-blooded
a: Renounce Religion, Berserk, Trog's Hand


You were on level 4 of the Dungeon.
You worshipped Trog.
Trog was pleased with you.
You visited 1 branch of the dungeon, and saw 4 of its levels.

You collected 123 gold pieces.

Inventory:

Hand Weapons
 a - a +0 hand axe
 f - a +1 short sword of venom
 g - a +2 whip of draining (weapon)
 s - a +0 sling
Missiles
 c - 10 stones
 q - 6 boomerangs (quivered)
Magical Staves
 n - a staff of air
Jewellery
 r - an amulet of magic regeneration
Wands
 h - a wand of iceblast (9)
 t - a wand of flame (22)
Scrolls
 b - 2 scrolls of revelation {unknown}
 d - a scroll of poison {unknown}
 e - 2 scrolls of teleportation {unknown}
 j - 4 scrolls of identify {unknown}
 p - a scroll of amnesia {unknown}
Potions
 i - a potion of brilliance
 k - a potion of curing {unknown}
 l - a potion of degeneration {unknown}
 m - a potion of heal wounds {unknown}
 o - a potion of attraction {unknown}


   Skills:
 + Level 4.2 Fighting
 + Level 0.2 Short Blades
 + Level 3.7(3.9) Axes
 + Level 1.7(3.0) Maces & Flails
 + Level 3.2 Dodging
 + Level 0.4 Stealth


You had 3 spell levels left.
You didn't know any spells.
Your spell library contained the following spells:

 Spells                   Type           Power      Damage    Failure   Level
 Ignite Poison            Fire/Tmut/Pois 0%         N/A       80%         3
 Yara's Violent Unravell  Hex/Tmut       0%         3d3       100%        5


Dungeon Overview and Level Annotations

Branches:
Dungeon (4/15)
 Temple: D:4-7

Altars:

Annotations:
D:4 Edmund


Innate Abilities, Weirdness & Mutations

Your plain brown scales are hard. (AC +5)
You cannot fit into any form of body armour.
You are cold-blooded and may be slowed by cold attacks.


Message History

Trog accepts your kill.
An orc comes into view. It is wielding a +0 club.
The orc shouts!
Edmund the Younger comes into view.
He is wielding a +5 dire flail of holy wrath.
Edmund shouts!
You hit Edmund. You drain Edmund.
Edmund is lightly wounded.
The orc completely misses you.
Edmund hits you with a +5 dire flail of holy wrath.
You closely miss Edmund. You tail-slap Edmund, but do no damage.
Edmund is lightly wounded.
The orc closely misses you. Edmund misses you.
You hit Edmund but do no damage. You drain Edmund.
You tail-slap Edmund, but do no damage.
Edmund is lightly wounded.
The orc barely misses you.
Edmund hits you with a +5 dire flail of holy wrath.
You barely miss Edmund.
Edmund is lightly wounded.
The orc hits you but does no damage. Edmund misses you.
You closely miss Edmund.
Edmund is lightly wounded.
The orc hits you but does no damage.
Edmund hits you with a +5 dire flail of holy wrath!
You hit Edmund but do no damage. You drain Edmund.
Edmund is moderately wounded.
The orc hits you with a +0 club.
Edmund hits you with a +5 dire flail of holy wrath!
* * * LOW HITPOINT WARNING * * *
It was a potion of brilliance.
You feel clever all of a sudden. The orc closely misses you.
Edmund closely misses you.
Throw: 6 boomerangs
Press: ? - help, Q - select action, (/) - cycle Shift-Dir - straight line, f - Edmund
Aim: Edmund, wielding a +5 dire flail of holy wrath and wearing a +0 chain mail (moderately wounded, heavily drained, 64% to hit)
You throw a boomerang. The boomerang barely misses Edmund.
The orc closely misses you.
Edmund hits you with a +5 dire flail of holy wrath!
You die...
Edmund says, "That'll show my brother!"

...# ..##... ..#....
#...... # ....... .#
#### .......##.#
####... #....@..#
##.#.... #.o@# #.#.....
.#####..# ##.#....
........## #.##...
######...# #......
#...# ####.##### #...#
#.......## #...#
##.#.#.#.##
.####...#####.#....#.##
.............###.......


You could see Edmund (very drained) and an orc.

Vanquished Creatures
  A sleepcap (D:4)
  An adder (D:3)
  2 worms (D:3)
  8 endoplasms
  3 giant cockroaches
  7 hobgoblins
  10 jackals
  2 kobolds
  2 quokkas
  5 ball pythons
  2 bats
  2 frilled lizards
  5 goblins
  5 rats
55 creatures vanquished.

Notes
Turn   | Place    | Note
-------+----------+-------------------------------------------
     0 | D:1      | Curundu the Draconian Berserker began the quest for the
                  | Orb.
     0 | D:1      | Reached XP level 1. HP: 19/19 MP: 1/1
   177 | D:1      | Got Xaip's Vellum of Metamorphosis
   256 | D:1      | Reached XP level 2. HP: 23/27 MP: 2/2
  1096 | D:2      | Reached XP level 3. HP: 33/33 MP: 3/3
  1929 | D:3      | Reached ** piety under Trog
  1941 | D:3      | Reached skill level 4 in Fighting
  2354 | D:3      | Reached XP level 4. HP: 40/40 MP: 4/4
  2362 | D:3      | Reached skill level 1 in Maces & Flails
  2810 | D:4      | Noticed Edmund
  2821 | D:4      | Slain by Edmund

Illustrated notes

Levels and vault maps discovered:
D:1:      tarquinn_simple_flora_water_c, layout_basic,
          hangedman_decor_peaks_small
D:2:      layout_loops_ring, hangedman_decor_slide_cut, minmay_misc_feat_room
D:3:      layout_loops_ring, chei_slow_surprise
D:4:      layout_loops_cross, nicolae_overflow_hidden_temple, temple_statues,
          uniq_edmund, uniq_eustachio

Skill      XL: |  1  2  3  4 |
---------------+-------------+-----
Dodging        | 3 |  3.2
Fighting       | 4 |  4.2
Maces & Flails | 1 |  1.7
Short Blades   | |  0.2
Axes           | |  3.7
Stealth        | |  0.4

Action                     |  1- 3 |  4- 6 || total
---------------------------+-------+-------++-------
  Melee: Hand axe          |    48 |       ||    48
         Tailslap          |     9 |     6 ||    15
         Whip              |    51 |    26 ||    77
         Short sword       |     2 |       ||     2
  Throw: Boomerang         |       |     2 ||     2
    Use: Potion            |       |     1 ||     1
   Stab: Distracted        |     1 |       ||     1
 Armour: Skin              |    87 |    17 ||   104
  Dodge: Dodged            |    98 |    15 ||   113

Table legend: (Time is in decaauts)
 A = Elapsed time spent in this place.
 B = Non-inter-level travel time spent in this place.
 C = Inter-level travel time spent in this place.
 D = Time resting spent in this place.
 E = Time spent auto-exploring this place.
 F = Levels seen in this place.
 G = Mean time per level.
                   A        B        C        D        E       F      G
               +--------+--------+--------+--------+--------+-----+--------+
         Total |   2831 |   2831 |      0 |    156 |      0 |   4 |  707.8 |
       Dungeon |   2831 |   2831 |      0 |    156 |      0 |   4 |  707.8 |
               +--------+--------+--------+--------+--------+-----+--------+

Top non-repeatable levels by time:
     D:1: 1010 daAuts
     D:3: 834 daAuts
     D:2: 800 daAuts
     D:4: 186 daAuts
